 Dungeon Sprint DCSS version 0.19-a0-97-g21dea92 (webtiles) character file.

12027 Kidiri the Unseen (level 11, -20/58 HPs)
             Began as a Spriggan Enchanter on May 16, 2016.
             Was the Champion of Dithmenos.
             Killed from afar by an ice dragon (55 damage)
             ... with a blast of cold
             ... in the Dungeon (Sprint III: "The Ten Rune Challenge").
             The game lasted 00:16:17 (3340 turns).

Kidiri the Unseen (Spriggan Enchanter)              Turns: 3340, Time: 00:16:19

Health: -20/58     AC:  3    Str:  6    XL:     11   Next: 57%
Magic:  23/29      EV: 32    Int: 19    God:    Dithmenos [******]
Gold:   2555       SH:  0    Dex: 18    Spells: 6 memorised, 24 levels left

rFire  . . .     SeeInvis +     a - +1 dagger
rCold  . . .     Gourm    .     b - +1 robe
rNeg   . . .     Faith    .     (shield restricted)
rPois  .         Spirit   .     (helmet restricted)
rElec  .         Dismiss  .     (no cloak)
rCorr  .         Reflect  .     (gloves unavailable)
SustAt .         Harm     .     (boots unavailable)
MR     +....     Rnd*Rage +     (no amulet)
Stlth  ++++++++++ NoTele   +    (no ring)
                                (no ring)

@: wreathed by umbra, very quick, somewhat resistant to hostile enchantments,
uncannily stealthy
A: unfitting armour, horns 1, see invisible, berserk 1, herbivore 3, speed 3,
sense surroundings 1, slow metabolism 2, strong 1
a: Shadow Step, Shadow Form, Renounce Religion


You were in the Dungeon.
You worshipped Dithmenos.
Dithmenos was exalted by your worship.
You were not hungry.

You visited 1 branch You collected 2555 gold pieces.

Inventory:

Hand Weapons
 a - a +1 dagger (weapon)
Missiles
 i - 9 throwing nets (quivered)
Armour
 b - a +1 robe (worn)
Wands
 d - a wand of digging (8/24)
Scrolls
 j - a scroll of blinking
 l - a scroll of torment
 m - 4 scrolls of remove curse
 p - a scroll of holy word {unknown}
Potions
 c - a potion of might
 f - 2 potions of heal wounds
 g - a potion of haste
 n - a potion of invisibility
 o - a potion of agility {unknown}
 s - 2 potions of cure mutation
 t - a potion of flight {unknown}
Comestibles
 h - 27 royal jellies
 r - 9 fruits


   Skills:
 + Level 6.6 Fighting
 * Level 12.3 Short Blades
 + Level 6.0 Armour
 * Level 15.6 Dodging
 * Level 16.6 Stealth
 * Level 13.5 Spellcasting
 + Level 5.9 Conjurations
 + Level 10.4 Hexes
 + Level 9.5 Translocations
 + Level 6.3 Ice Magic
 - Level 3.0 Invocations


You had 24 spell levels left.
You knew the following spells:

 Your Spells              Type           Power        Failure   Level  Hunger
a - Corona                Hex            ######.      1%          1    None
b - Ensorcelled Hibernat  Hex/Ice        #####.       1%          2    None
c - Confuse               Hex            ######..     1%          3    None
d - Tukima's Dance        Hex            ######..     1%          3    None
e - Dazzling Spray        Conj/Hex       #####.       1%          3    None
f - Apportation           Tloc           #####.....   1%          1    None


Dungeon Overview and Level Annotations

Branches:
Dungeon (1/1)

Altars:
Cheibriados
Dithmenos
Elyvilon
Fedhas
Gozag
Kikubaaqudgha
Makhleb
Nemelex Xobeh
Okawaru
Pakellas
Qazlal
Ru
Sif Muna
Trog
Vehumet
Xom
Yredelemnul
Zin
The Shining One
Jiyva
Lugonu

Shops:
D =

Annotations:
D exclusion: 2 doors


Innate Abilities, Weirdness & Mutations

You are tiny and cannot use many weapons and most armour.
You have supernaturally acute eyesight.
You are a herbivore.
You cover ground extremely quickly.
You need consume almost no food.
You have a pair of small horns on your head.
You tend to lose your temper in combat.
You passively map a small area around you.
Your muscles are strong. (Str +2)


Message History

Aim: an ice dragon (heavily wounded, umbra)
The spray of energy hits the ice dragon.
The ice dragon is heavily wounded.
The ice dragon is dazzled.
The spray of energy hits the swamp drake simulacrum.
The swamp drake simulacrum vapourises!
Dithmenos accepts your kill. The ice dragon misses you.
The ice dragon completely misses you. The ice dragon tramples you!
You emit a cloud of dark smoke.
You stumble backwards!
You hit the ice dragon but do no damage.
The ice dragon is heavily wounded.
Your shadow hits the ice dragon but does no damage.
You barely miss the ice dragon.
You headbutt the ice dragon, but do no damage.
The ice dragon is heavily wounded.
The ice dragon breathes frost at you. The blast of cold hits you!
Ouch! That really hurt!
You die...

* ♣♣.##.##.)#≈.(+#######
,
♣♣.##.#####...#)).)..#,,
, ♣.....##%.....#♣♣♣._.#
, * ########'######
#####+** ,, , , ,,, *
#.♣♣ , , , , *#♣≈♣ * *
*** * ♣≈♣♣ * , * , , ,
♣♣§♣ * * * , , * ♣@♣♣ *
* * * ♣D♣* * , * ♣§§♣ *
* ♣♣.♣ * + *, ♣§ , .♣
≈., ≈ , * ≈. ≈.§ ,


You could see an ice dragon (blind).

Vanquished Creatures
  Maud (D)
  2 hydras (D)
  Erolcha (D)
  An orc high priest (D)
  A death drake (D)
  A spriggan druid (D)
  A lindwurm (D)
  An orc knight (D)
  A deep elf mage (D)
  2 spiny frogs (D)
  A komodo dragon (D)
  A queen bee (D)
  2 giant leeches (D)
  3 wandering mushrooms (D)
  2 spriggans (D)
  5 redbacks (D)
  A shadow (D)
  A spatial vortex (D)
  2 hill giants (D)
  A necrophage (D)
  3 two-headed ogres (D)
  A water elemental (D)
  32 killer bees (D)
  An electric eel (D)
  2 orc priests (D)
  A jelly (D)
  A wizard (D)
  3 orc wizards (D)
  A necromancer (D)
  3 humans (D)
  A kobold demonologist (D)
  A wolf (D)
  An ooze (D)
  2 swamp drake simulacra (D)
  11 orcs (D)
  3 rats (D)
98 creatures vanquished.

Vanquished Creatures (others)
  2 draconian scorchers (D)
  3 yaktaurs (D)
  8 plants (D)
13 creatures vanquished.

Grand Total: 111 creatures vanquished

Notes
Turn   | Place    | Note
--------------------------------------------------------------
     0 | D        | Kidiri the Spriggan Enchanter began the quest for the Orb.
     0 | D        | Reached XP level 1. HP: 9/9 MP: 5/5
    66 | D        | Noticed a wolf
    69 | D        | Killed a wolf
    69 | D        | Reached skill level 5 in Stealth
    69 | D        | Reached XP level 2. HP: 14/14 MP: 6/8
    84 | D        | Learned a level 2 spell: Ensorcelled Hibernation
   134 | D        | Reached skill level 1 in Fighting
   134 | D        | Reached skill level 1 in Armour
   134 | D        | Reached XP level 3. HP: 18/18 MP: 3/9
   141 | D        | Learned a level 3 spell: Confuse
   145 | D        | Learned a level 3 spell: Dazzling Spray
   190 | D        | Gained mutation: Your muscles are strong. (Str +2) [potion of mutation]
   190 | D        | Gained mutation: You have a pair of small horns on your head. [potion of mutation]
   190 | D        | Gained mutation: You are clumsy. (Dex -2) [potion of mutation]
   191 | D        | Gained mutation: You tend to lose your temper in combat. [potion of mutation]
   191 | D        | Lost mutation: You are clumsy. (Dex -2) [potion of mutation]
   192 | D        | Gained mutation: You passively map a small area around you. [potion of mutation]
   200 | D        | Noticed a water elemental
   224 | D        | Killed a water elemental
   224 | D        | Reached skill level 5 in Dodging
   224 | D        | Reached skill level 7 in Stealth
   224 | D        | Reached skill level 5 in Spellcasting
   224 | D        | Reached skill level 1 in Ice Magic
   224 | D        | Reached XP level 4. HP: 22/22 MP: 1/12
   229 | D        | Killed a yaktaur
   280 | D        | Killed a white draconian scorcher
   291 | D        | Learned a level 3 spell: Tukima's Dance
   340 | D        | Killed a white draconian scorcher
   344 | D        | Noticed a shadow
   385 | D        | Killed a shadow
   385 | D        | Reached skill level 5 in Short Blades
   385 | D        | Reached skill level 8 in Stealth
   385 | D        | Reached skill level 1 in Conjurations
   385 | D        | Reached skill level 5 in Hexes
   385 | D        | Reached XP level 5. HP: 14/26 MP: 0/15
   553 | D        | Reached XP level 6. HP: 32/32 MP: 16/16
   605 | D        | Found an oddly glowing altar of Pakellas.
   605 | D        | Found a stormy altar of Qazlal.
   606 | D        | Found a sacrificial altar of Ru.
   606 | D        | Found a burning altar of Makhleb.
   606 | D        | Found a viscous altar of Jiyva.
   606 | D        | Found a shimmering altar of Xom.
   606 | D        | Found a shadowy altar of Dithmenos.
   606 | D        | Found a sparkling altar of Nemelex Xobeh.
   606 | D        | Found a corrupted altar of Lugonu.
   606 | D        | Found an opulent altar of Gozag.
   606 | D        | Noticed a spatial vortex
   610 | D        | Became a worshipper of Dithmenos the Shadowed
   630 | D        | Killed a spatial vortex
   630 | D        | Reached skill level 9 in Stealth
   630 | D        | Reached skill level 1 in Invocations
   733 | D        | Found a radiant altar of Vehumet.
   734 | D        | Found a deep blue altar of Sif Muna.
   734 | D        | Found an ancient bone altar of Kikubaaqudgha.
   738 | D        | Reached * piety under Dithmenos
   751 | D        | Learned a level 1 spell: Apportation
   784 | D        | Found a glowing silver altar of Zin.
   785 | D        | Found a glowing golden altar of the Shining One.
   785 | D        | Found a white marble altar of Elyvilon.
   785 | D        | Noticed a deep elf mage
   787 | D        | Killed a deep elf mage
   787 | D        | Reached skill level 10 in Stealth
   787 | D        | Reached XP level 7. HP: 36/36 MP: 18/20
   802 | D        | Found an iron altar of Okawaru.
   803 | D        | Found a bloodstained altar of Trog.
   803 | D        | Noticed a human
   803 | D        | Noticed a human
   805 | D        | Killed a human
   805 | D        | Reached ** piety under Dithmenos
   805 | D        | Reached skill level 10 in Dodging
   805 | D        | Reached skill level 11 in Stealth
   811 | D        | Killed a human
   811 | D        | Reached XP level 8. HP: 42/42 MP: 21/21
   885 | D        | Found a snail-covered altar of Cheibriados.
   886 | D        | Found a basalt altar of Yredelemnul.
   886 | D        | Found a blossoming altar of Fedhas.
   915 | D        | Reached *** piety under Dithmenos
  1010 | D        | Noticed Erolcha
  1076 | D        | Reached skill level 12 in Stealth
  1098 | D        | Killed Erolcha
  1098 | D        | Reached **** piety under Dithmenos
  1098 | D        | Reached skill level 10 in Spellcasting
  1098 | D        | Reached skill level 5 in Translocations
  1098 | D        | Reached XP level 9. HP: 38/46 MP: 0/24
  1237 | D        | Reached skill level 13 in Stealth
  1343 | D        | Noticed a queen bee
  1355 | D        | Reached ***** piety under Dithmenos
  1360 | D        | Killed a queen bee
  1551 | D        | Killed a yaktaur
  1651 | D        | Reached skill level 5 in Fighting
  1651 | D        | Reached skill level 10 in Short Blades
  1794 | D        | Reached ****** piety under Dithmenos
  1808 | D        | Reached XP level 10. HP: 51/51 MP: 5/26
  1924 | D        | Reached skill level 14 in Stealth
  2113 | D        | Noticed an orc knight
  2116 | D        | Noticed an orc high priest
  2127 | D        | Killed an orc knight
  2127 | D        | Reached skill level 5 in Ice Magic
  2158 | D        | Noticed a rust devil
  2166 | D        | Killed an orc high priest
  2211 | D        | Found Meosaocw's Jewellery Shop.
  2392 | D        | Reached skill level 5 in Armour
  2418 | D        | Reached skill level 5 in Conjurations
  2572 | D        | Noticed a spiny frog
  2572 | D        | Noticed a spiny frog
  2820 | D        | Killed a spiny frog
  2820 | D        | Reached skill level 15 in Stealth
  2821 | D        | Killed a spiny frog
  3106 | D        | Noticed a lindwurm
  3109 | D        | Killed a lindwurm
  3109 | D        | Reached XP level 11. HP: 56/56 MP: 28/28
  3118 | D        | Noticed Maud
  3120 | D        | Killed Maud
  3120 | D        | Reached skill level 10 in Hexes
  3125 | D        | Noticed a five-headed hydra
  3125 | D        | Noticed an eight-headed hydra
  3129 | D        | Killed a five-headed hydra
  3129 | D        | Reached skill level 15 in Dodging
  3129 | D        | Reached skill level 16 in Stealth
  3130 | D        | Killed an eight-headed hydra
  3139 | D        | Noticed a death drake
  3141 | D        | Killed a death drake
  3151 | D        | Found a blossoming altar of Fedhas.
  3151 | D        | Noticed a spriggan druid
  3165 | D        | Killed a spriggan druid
  3333 | D        | Noticed an ice dragon
  3340 | D        | Killed from afar by an ice dragon

Vault maps used:
D:        dungeon_sprint_mu

Skill      XL: |  1  2  3  4  5  6  7  8  9 10 11 |
---------------+----------------------------------+-----
Spellcasting   | 4 5 6 8 10 11 12 13 | 13.5
Short Blades   | 2 3 4 5 7 9 10 11 12 | 12.3
Dodging        | 4 5 7 9 10 11 13 14 15 | 15.6
Stealth        | 5 7 8 10 11 12 13 15 16 | 16.6
Hexes          | 4 5 6 7 8 9 10 | 10.4
Fighting       | 1 2 3 4 5 6 |  6.6
Armour         | 1 2 3 4 5 6 |  6.0
Ice Magic      | 1 2 3 4 5 6 |  6.3
Conjurations   | 1 2 3 4 5 |  5.9
Invocations    | 2 3 |  3.0
Translocations | 2 3 5 6 8 9 |  9.5

Action                   |  1- 3 |  4- 6 |  7- 9 | 10-12 || total
-------------------------+-------+-------+-------+-------++-------
Melee: Dagger            |    16 |    14 |    54 |   111 ||   195
       Headbutt          |     2 |     3 |     3 |    17 ||    25
Throw: Throwing net      |       |       |       |     2 ||     2
 Cast: Ensorcelled Hiber |     3 |     1 |    45 |    23 ||    72
       Corona            |     1 |       |       |       ||     1
       Dazzling Spray    |     2 |    15 |     7 |    27 ||    51
       Confuse           |       |       |     2 |     1 ||     3
       Tukima's Dance    |       |       |       |     2 ||     2
Invok: Shadow Step       |       |       |     1 |     3 ||     4
  Use: Potion            |     4 |     2 |       |     1 ||     7
       Scroll            |     2 |       |       |       ||     2
 Stab: Sleeping          |     4 |     4 |    29 |    18 ||    55
       Invisible         |       |       |     7 |     4 ||    11
       Distracted        |       |       |       |     2 ||     2
       Confused          |       |       |       |     1 ||     1
  Eat: Bread ration      |       |       |     1 |       ||     1
Armor: Robe              |       |       |       |     1 ||     1
Dodge: Dodged            |     9 |    12 |    71 |    76 ||   168
